 Dungeon Crawl Stone Soup version 0.29-a0-275-g389c0b56f3 (webtiles) character file.

Game seed: 106028664793383751

2752 testman the Chiller (level 9, -20/68 HPs)
             Began as a Gnoll Wanderer on Mar 9, 2022.
             Was a Priest of Cheibriados.
             Demolished by a two-headed ogre
             ... wielding a +0 giant club
              (25 damage)
             ... on level 8 of the Dungeon.
             The game lasted 00:31:25 (6454 turns).

testman the Chiller (Gnoll Wanderer)                Turns: 6454, Time: 00:31:26

Health: -20/68     AC: 18    Str: 17    XL:     9   Next: 68%
Magic:  4/17       EV: 14    Int: 19    God:    Cheibriados [***...]
Gold:   401        SH:  0    Dex: 21    Spells: 11/18 levels left

rFire   . . .      SeeInvis .   k - +1 shortbow (freeze)
rCold   . . .      Faith    .   (shield currently unavailable)
rNeg    . . .      Spirit   .   d - +0 leather armour
rPois   .          Reflect  .   s - +1 helmet
rElec   .          Harm     .   u - +0 cloak
rCorr   .          Rampage  .   M - +0 pair of gloves
Will    +....                   C - +0 pair of boots
Stlth   +++.......              o - amulet of regeneration
HPRegen 1.01/turn               e - ring of willpower
MPRegen 0.15/turn               w - +4 ring of protection

@: ice-armoured, very slow
A: fangs 1, strong nose, distributed training
a: Renounce Religion, Bend Time, Temporal Distortion


You were on level 8 of the Dungeon.
You worshipped Cheibriados.
Cheibriados was most pleased with you.
You visited 2 branches of the dungeon, and saw 9 of its levels.

You collected 401 gold pieces.

Inventory:

Hand Weapons
 a - a +2 shortbow
 g - a +1 short sword of holy wrath
 k - a +1 shortbow of freezing (weapon)
 m - a +2 vampiric short sword
 v - a +2 antimagic dagger
 x - a +2 dagger of draining
Missiles
 h - 270 stones
 l - 2 poisoned darts
 t - 2 boomerangs
 P - 5 curare-tipped darts
Armour
 d - a +0 leather armour (worn)
 s - a +1 helmet (worn)
 u - a +0 cloak (worn)
 C - a +0 pair of boots (worn)
 E - a +2 buckler
 M - a +0 pair of gloves (worn)
Jewellery
 e - a ring of willpower (left hand)
 o - an amulet of regeneration (around neck)
 w - a +4 ring of protection (right hand)
 y - a ring of protection from cold
 D - a ring of willpower
 O - a ring of see invisible
Wands
 b - a wand of polymorph (4)
 F - a wand of mindburst (12)
 I - a wand of paralysis (18)
Scrolls
 f - a scroll of amnesia {unknown}
 i - 2 scrolls of vulnerability {unknown}
 n - 2 scrolls of enchant armour
 p - 2 scrolls of identify
 z - a scroll of brand weapon {unknown}
 A - a scroll of fog {unknown}
 B - 2 scrolls of holy word {unknown}
 L - a scroll of immolation {unknown}
 Q - a scroll of acquirement {unknown}
 T - a scroll of teleportation {unknown}
Potions
 c - 2 potions of invisibility
 j - 2 potions of mutation {unknown}
 q - 5 potions of curing
 r - 3 potions of lignification
 G - a potion of flight {unknown}
 H - a potion of magic {unknown}
 J - a potion of heal wounds
 K - a potion of resistance {unknown}
 N - a potion of brilliance
 R - 4 potions of haste {unknown}
 S - a potion of might {unknown}


   Skills:
 + Level 5.2 Fighting
 + Level 4.5 Short Blades
 + Level 4.5 Long Blades
 + Level 4.5 Axes
 + Level 4.5 Maces & Flails
 + Level 4.5 Polearms
 + Level 4.5 Staves
 + Level 4.5 Slings
 + Level 6.5 Bows
 + Level 4.5 Crossbows
 + Level 5.2 Throwing
 + Level 4.5 Armour
 + Level 4.5 Dodging
 + Level 4.5 Stealth
 + Level 4.5 Shields
 + Level 4.5 Unarmed Combat
 + Level 5.3 Spellcasting
 + Level 3.7 Conjurations
 + Level 3.7 Hexes
 + Level 3.7 Summonings
 + Level 3.7 Necromancy
 + Level 3.7 Translocations
 + Level 3.7 Transmutations
 + Level 3.7 Fire Magic
 + Level 6.6 Ice Magic
 + Level 3.7 Air Magic
 + Level 3.7 Earth Magic
 + Level 3.7 Poison Magic
 + Level 4.9 Invocations
 + Level 6.5 Evocations


You had 11 spell levels left.
You knew the following spells:

 Your Spells              Type           Power      Damage    Failure   Level
a - Freeze                Ice            100%       1d11      1%          1
b - Ozocubu's Armour      Ice            30%        N/A       2%          3
c - Teleport Other        Tloc           19%        N/A       10%         3

Your spell library contained the following spells:

 Spells                   Type           Power      Damage    Failure   Level
 Conjure Flame            Conj/Fire      19%        6-21      10%         3
 Gell's Gravitas          Tloc           19%        N/A       10%         3
 Ignite Poison            Fire/Tmut/Pois 19%        N/A       10%         3
 Lesser Beckoning         Tloc           19%        N/A       10%         3
 Sticky Flame             Conj/Fire      19%        2d4       30%         4
 Malign Gateway           Summ/Tloc      9%         N/A       100%        7
 Summon Horrible Things   Summ           9%         N/A       100%        8


Dungeon Overview and Level Annotations

Branches:
Dungeon (8/15)             Temple (1/1) D:4
   Lair: D:8-11

Altars:
Cheibriados
Dithmenos
Elyvilon
Gozag
Hepliaklqana
Kikubaaqudgha
Makhleb
Nemelex Xobeh
Okawaru
Qazlal
Ru
Sif Muna
Trog
Uskayaw
Vehumet
Wu Jian
Xom
Yredelemnul
Zin
The Shining One

Shops:
D:3 [   D:7 *

Annotations:
D:3 2 transporters, Patoropollo's ghost, amateur TeMo
D:4 1 runed translucent door, indyram44's ghost, amateur OpFi


Innate Abilities, Weirdness & Mutations

You have very sharp teeth.
Your uncanny sense of smell can sniff out nearby items.
Your experience applies equally to all skills.


Message History

The arrow barely misses the two-headed ogre.
You shoot an arrow. The arrow hits the two-headed ogre.
The arrow freezes the two-headed ogre.
The two-headed ogre is lightly wounded.
Casting: Freeze (safe; 1% risk of failure)
Confirm with . or Enter, or press ? or * to list all spells.
A film of ice covers your body!
Casting: Ozocubu's Armour (dangerous; 2% risk of failure)
Confirm with . or Enter, or press ? or * to list all spells.
Aiming: Freeze (safe; 1% risk of failure)
Press: ? - help, Shift-Dir - straight line, f/p - two-headed ogre
Aim: a two-headed ogre, wielding two +0 giant clubs (lightly wounded)
You freeze the two-headed ogre!
The two-headed ogre is moderately wounded.
The two-headed ogre hits you with a +0 giant club!! x2
Casting: Freeze (safe; 1% risk of failure)
Confirm with . or Enter, or press ? or * to list all spells.
Aiming: Teleport Other (dangerous; 10% risk of failure)
Press: ? - help, Shift-Dir - straight line, f/p - two-headed ogre
Aim: a two-headed ogre, wielding two +0 giant clubs (moderately wounded, chance to affect: 41%)
The two-headed ogre resists with some effort.
Casting: Teleport Other (dangerous; 10% risk of failure)
Confirm with . or Enter, or press ? or * to list all spells.
Aiming: Teleport Other (dangerous; 10% risk of failure)
Press: ? - help, Shift-Dir - straight line, f/p - two-headed ogre
Aim: a two-headed ogre, wielding two +0 giant clubs (moderately wounded, chance to affect: 41%)
The two-headed ogre looks slightly unstable.
The two-headed ogre hits you with a +0 giant club!!
* * * LOW HITPOINT WARNING * * *
The two-headed ogre misses you.
Casting: Teleport Other (dangerous; 10% risk of failure)
Confirm with . or Enter, or press ? or * to list all spells.
Aiming: Teleport Other (dangerous; 10% risk of failure)
Press: ? - help, Shift-Dir - straight line, f/p - two-headed ogre
Aim: a two-headed ogre, wielding two +0 giant clubs (moderately wounded, chance to affect: 41%)
The two-headed ogre seems more stable.
The two-headed ogre hits you with a +0 giant club!
* * * LOW HITPOINT WARNING * * *
The two-headed ogre hits you with a +0 giant club!!
You die...

##.##......
........#
#..####....
........# ##.##
##### ....$...#
#..# # ........#
##.## .:......#
#..# <>......#
##.##
.......O###..##
.......@......###
................#
..........###.....#
.<.......## ##....#
........## ###..
.......## # #####.#
#.. #..#


You could see a two-headed ogre.

Vanquished Creatures
  2 trolls (D:6)
  Grinder (D:5)
  Prince Ribbit (D:5)
  An acid dragon (D:6)
  An ice beast (D:7)
  An ogre (D:5)
  A centaur (D:7)
  A phantom (D:4)
  4 necrophages
  4 scorpions
  5 wights (D:4)
  3 howler monkeys (D:7)
  A jelly (D:6)
  A hound (D:5)
  An orc priest (D:3)
  Crazy Yiuf (D:6)
  Jessica (D:2)
  Terence (D:3)
  6 iguanas
  An orc wizard (D:4)
  8 gnolls (D:5)
  5 adders
  2 shadow imps
  4 white imps
  A worm (D:3)
  2 dart slugs (D:1)
  12 orcs
  7 endoplasms
  2 giant cockroaches
  8 goblins
  11 hobgoblins
  14 jackals
  4 quokkas
  8 ball pythons
  5 bats
  A frilled lizard (D:1)
  13 kobolds
  2 rats
147 creatures vanquished.

Notes
Turn   | Place    | Note
-------+----------+-------------------------------------------
     0 | D:1      | testman the Gnoll Wanderer began the quest for the Orb.
     0 | D:1      | testman set off with the following items: a +2 shortbow, a
                  | wand of polymorph (4), a potion of invisibility, a +0
                  | leather armour; and the following spell memorised: Freeze;
                  | and the following spells available to memorise: Ozocubu's
                  | Armour
     0 | D:1      | Reached XP level 1. HP: 17/17 MP: 4/4
    33 | D:1      | Found a faded altar of an unknown god.
    38 | D:1      | Reached XP level 2. HP: 23/23 MP: 2/5
   600 | D:1      | Reached XP level 3. HP: 24/28 MP: 7/7
   604 | D:1      | Learned a level 3 spell: Ozocubu's Armour
   888 | D:1      | Reached skill level 1 in Invocations
  1250 | D:2      | Reached skill level 1 in Short Blades
  1250 | D:2      | Reached skill level 1 in Long Blades
  1250 | D:2      | Reached skill level 1 in Axes
  1250 | D:2      | Reached skill level 1 in Maces & Flails
  1250 | D:2      | Reached skill level 1 in Polearms
  1250 | D:2      | Reached skill level 1 in Staves
  1250 | D:2      | Reached skill level 1 in Slings
  1250 | D:2      | Reached skill level 1 in Crossbows
  1250 | D:2      | Reached skill level 1 in Armour
  1250 | D:2      | Reached skill level 1 in Dodging
  1250 | D:2      | Reached skill level 1 in Stealth
  1250 | D:2      | Reached skill level 1 in Shields
  1250 | D:2      | Reached skill level 1 in Unarmed Combat
  1250 | D:2      | Reached XP level 4. HP: 31/34 MP: 3/8
  1762 | D:2      | Noticed Jessica
  1765 | D:2      | Killed Jessica
  1766 | D:2      | Reached skill level 1 in Conjurations
  1766 | D:2      | Reached skill level 1 in Hexes
  1766 | D:2      | Reached skill level 1 in Summonings
  1766 | D:2      | Reached skill level 1 in Necromancy
  1766 | D:2      | Reached skill level 1 in Translocations
  1766 | D:2      | Reached skill level 1 in Transmutations
  1766 | D:2      | Reached skill level 1 in Fire Magic
  1766 | D:2      | Reached skill level 1 in Air Magic
  1766 | D:2      | Reached skill level 1 in Earth Magic
  1766 | D:2      | Reached skill level 1 in Poison Magic
  2112 | D:3      | Reached XP level 5. HP: 40/40 MP: 9/9
  2290 | D:3      | Found Kazapso's Armour Shop.
  2362 | D:3      | Found a transporter.
  2388 | D:3      | Found a transporter.
  2390 | D:3      | Noticed Patoropollo's ghost (amateur TeMo)
  2392 | D:3      | Noticed an ogre
  2393 | D:3      | Noticed an ogre
  2589 | D:3      | Noticed Terence
  2594 | D:3      | Killed Terence
  2792 | D:4      | Found a staircase to the Ecumenical Temple.
  2801 | Temple   | Entered the Ecumenical Temple
  2978 | Temple   | Became a worshipper of Cheibriados the Contemplative
  3018 | D:4      | Reached XP level 6. HP: 47/47 MP: 4/11
  3075 | D:4      | Found a runed translucent door.
  3075 | D:4      | Noticed indyram44's ghost (amateur OpFi)
  3095 | D:4      | Reached skill level 5 in Bows
  3095 | D:4      | Reached skill level 5 in Evocations
  3157 | D:4      | Found an iron altar of Okawaru.
  3318 | D:4      | Reached XP level 7. HP: 40/52 MP: 5/12
  3399 | D:4      | Reached * piety under Cheibriados
  3842 | D:5      | Entered Level 5 of the Dungeon
  3888 | D:4      | HP: 1/42 [wight/+0 falchion (6)]
  3980 | D:5      | Noticed Grinder
  4000 | D:5      | Killed Grinder
  4001 | D:5      | Reached XP level 8. HP: 37/60 MP: 8/14
  4048 | D:5      | Found a sparkling altar of Nemelex Xobeh.
  4126 | D:5      | Noticed Prince Ribbit
  4136 | D:5      | Killed Prince Ribbit
  4136 | D:5      | Reached ** piety under Cheibriados
  5029 | D:6      | Noticed a troll
  5038 | D:6      | Killed a troll
  5039 | D:6      | Reached XP level 9. HP: 54/66 MP: 8/16
  5045 | D:6      | Reached skill level 5 in Spellcasting
  5049 | D:6      | Learned a level 3 spell: Teleport Other
  5174 | D:6      | Noticed a troll
  5184 | D:6      | Killed a troll
  5185 | D:6      | Reached skill level 5 in Fighting
  5185 | D:6      | Reached skill level 5 in Throwing
  5331 | D:6      | Found a runed translucent door.
  5332 | D:6      | Noticed Crazy Yiuf
  5340 | D:6      | Killed Crazy Yiuf
  5634 | D:7      | Found Wadifin's Assorted Antiques.
  5843 | D:7      | Reached *** piety under Cheibriados
  6445 | D:8      | Noticed a two-headed ogre
  6454 | D:8      | Demolished by a two-headed ogre

Illustrated notes

Levels and vault maps discovered:
D:1:      dpeg_arrival_long_road, layout_loops_corners,
          hellmonk_ecumenical_altar_run_dry
D:2:      layout_loops_cross, chequers_avenue, uniq_jessica
D:3:      layout_loops_ring, gammafunk_ghost_smash, serial_shops, shop,
          hangedman_feature_mirror, uniq_terence
D:4:      minmay_opposing_rooms, layout_cave_pools,
          mainiacjoe_overflow_concentric_impassable, minmay_temple_entry_waves,
          gammafunk_ghost_grave, sigmund_army
D:5:      layout_basic, nemelex_xobeh_ov_fountains_minmay, uniq_grinder,
          uniq_prince_ribbit1
D:6:      layout_basic, ldierk_geyser, small_statue_intersection,
          hangedman_abyss_or_decor_passed, uniq_crazy_yiuf_cottage
D:7:      layout_loops_corners, serial_shops, shop
D:8:      layout_cave_pods, mainiacjoe_overflow_alcove_4, special_room
          [special_room_kobold], serial_bayou_crossing, uniq_erica
Temple:   regret_index_temple_mists

Skill      XL: |  1  2  3  4  5  6  7  8  9 |
---------------+----------------------------+-----
Invocations    | 1 2 3 4 |  4.9
Short Blades   | 1 2 3 4 |  4.5
Long Blades    | 1 2 3 4 |  4.5
Axes           | 1 2 3 4 |  4.5
Maces & Flails | 1 2 3 4 |  4.5
Polearms       | 1 2 3 4 |  4.5
Staves         | 1 2 3 4 |  4.5
Slings         | 1 2 3 4 |  4.5
Crossbows      | 1 2 3 4 |  4.5
Armour         | 1 2 3 4 |  4.5
Dodging        | 1 2 3 4 |  4.5
Stealth        | 1 2 3 4 |  4.5
Shields        | 1 2 3 4 |  4.5
Unarmed Combat | 1 2 3 4 |  4.5
Spellcasting   | 3 4 5 |  5.3
Conjurations   | 1 2 3 |  3.7
Hexes          | 1 2 3 |  3.7
Summonings     | 1 2 3 |  3.7
Necromancy     | 1 2 3 |  3.7
Translocations | 1 2 3 |  3.7
Transmutations | 1 2 3 |  3.7
Fire Magic     | 1 2 3 |  3.7
Air Magic      | 1 2 3 |  3.7
Earth Magic    | 1 2 3 |  3.7
Poison Magic   | 1 2 3 |  3.7
Fighting       | 3 4 5 |  5.2
Throwing       | 3 4 5 |  5.2
Bows           | 5 6 |  6.5
Evocations     | 5 6 |  6.5
Ice Magic      | 6 |  6.6

Action                   |  1- 3 |  4- 6 |  7- 9 || total
-------------------------+-------+-------+-------++-------
 Fire: Shortbow          |    63 |    96 |   228 ||   387
 Cast: Freeze            |    12 |    32 |    48 ||    92
       Ozocubu's Armour  |       |     3 |    11 ||    14
       Teleport Other    |       |       |     3 ||     3
  Use: Scroll            |       |       |     3 ||     3
       Potion            |       |       |     2 ||     2
Armor: Leather armour    |     8 |    36 |    76 ||   120
Dodge: Dodged            |    14 |    38 |   136 ||   188

Table legend: (Time is in decaauts)
 A = Elapsed time spent in this place.
 B = Non-inter-level travel time spent in this place.
 C = Inter-level travel time spent in this place.
 D = Time resting spent in this place.
 E = Time spent auto-exploring this place.
 F = Levels seen in this place.
 G = Mean time per level.
                   A        B        C        D        E       F      G
               +--------+--------+--------+--------+--------+-----+--------+
         Total |   7772 |   7269 |    503 |    466 |   5717 |   9 |  863.6 |
       Dungeon |   7504 |   7088 |    416 |    466 |   5560 |   8 |  938.0 |
        Temple |    268 |    182 |     86 |      0 |    156 |   1 |  268.0 |
               +--------+--------+--------+--------+--------+-----+--------+

Top non-repeatable levels by time:
     D:7: 1321 daAuts
     D:4: 1155 daAuts
     D:1: 1153 daAuts
     D:5: 1144 daAuts
     D:6: 941 daAuts
     D:3: 849 daAuts
     D:2: 821 daAuts
  Temple: 268 daAuts
     D:8: 115 daAuts
